[ AOE2 MATCH · #461979588 ]
UnrankedTurks vs Georgians
[ REPLAY ANALYSIS · EXTRACTED FROM THE RECORDED GAME ]
Feudal
10:45
Castle
17:03
Imperial
32:56
| APM avg | 13.4 |
| APM peak | 33 |
| eAPM avg | 10.7 |
| Villagers / military | 88 / 163 |
Focus
⚔️ 33.0% · 🌾 67.0%
Scout Cavalry ×82 · Janissary ×74 · Bombard Cannon ×7
Feudal
9:49
Castle
18:40
Imperial
33:37
| APM avg | 16.9 |
| APM peak | 48 |
| eAPM avg | 13.0 |
| Villagers / military | 144 / 54 |
Focus
⚔️ 15.9% · 🌾 84.1%
Knight ×17 · Spearman ×14 · Militia ×13 · Monaspa ×10
Feudal
13:21
Castle
22:16
Imperial
—
| APM avg | 35.2 |
| APM peak | 116 |
| eAPM avg | 15.3 |
| Villagers / military | 76 / 93 |
Focus
⚔️ 23.0% · 🌾 77.0%
Cavalry Archer ×47 · Skirmisher ×29 · Archer ×9 · Spearman ×8
Feudal
11:58
Castle
15:41
Imperial
30:17
| APM avg | 33.2 |
| APM peak | 60 |
| eAPM avg | 17.7 |
| Villagers / military | 123 / 227 |
Focus
⚔️ 37.9% · 🌾 62.1%
Cavalry Archer ×118 · Magyar Huszar ×98 · Trebuchet (Packed) ×7 · Monk ×2 · Petard ×2
Feudal
13:10
Castle
28:12
Imperial
46:53
| APM avg | 15.6 |
| APM peak | 43 |
| eAPM avg | 10.9 |
| Villagers / military | 115 / 152 |
Focus
⚔️ 38.7% · 🌾 61.3%
Skirmisher ×74 · Spearman ×37 · Scorpion ×20 · Iron Pagoda ×17 · Steppe Lancer ×4
Feudal
9:52
Castle
17:37
Imperial
30:52
| APM avg | 49.1 |
| APM peak | 112 |
| eAPM avg | 32.4 |
| Villagers / military | 157 / 471 |
Focus
⚔️ 32.7% · 🌾 67.3%
Arambai ×176 · Scout Cavalry ×140 · Knight ×90 · Battle Elephant ×38 · Trebuchet (Packed) ×22 · Monk ×5
Feudal
12:13
Castle
16:42
Imperial
46:08
| APM avg | 41.6 |
| APM peak | 95 |
| eAPM avg | 25.0 |
| Villagers / military | 161 / 228 |
Focus
⚔️ 19.6% · 🌾 80.4%
Knight ×195 · Throwing Axeman ×22 · Spearman ×9 · Militia ×2
Feudal
13:08
Castle
21:24
Imperial
29:13
| APM avg | 28.8 |
| APM peak | 65 |
| eAPM avg | 21.6 |
| Villagers / military | 128 / 289 |
Focus
⚔️ 33.7% · 🌾 66.3%
Cataphract ×131 · Spearman ×128 · Militia ×18 · Trebuchet (Packed) ×11 · Monk ×1
Match map
Initial resources + every placement click. Lines = walls · curves = elevation contours. ◆ gold · ⬟ stone · ● berries · ✦ relic · ◌ wall gap
Your base· ✓ Closed at 17:03 · 0t walls · 2 gate(s)
Marw's base· ✓ Closed at 18:40 · 0t walls · 2 gate(s)
BL_EL_TIGRE_EQUIVOCADO's base· ✓ Closed at 22:16 · 0t walls · 2 gate(s)
[MIAAU] GatúbelO's base· ✓ Closed at 15:41 · 1t walls · 2 gate(s)
BL_HORSELARA's base· ✓ Closed at 28:12 · 1t walls · 3 gate(s)
LuyindamA's base· ✓ Closed at 17:37 · 0t walls · 3 gate(s)
Vehiculo blindado de gamarra's base· ✓ Closed at 16:42 · 0t walls · 3 gate(s)
BL_ELEKA's base· ✓ Closed at 21:24 · 0t walls · 3 gate(s)
Smoothed initial terrain · ◌ = detected wall gap · hover for details
Inputs per minute
— poliamilina jr. - - Marw
Build order — poliamilina jr.
First 150 of 340 actions detected
| 0:03 | Build | House |
| 0:05 | Build | House |
| 0:09 | Create | Villager (Male) ×4 |
| 1:52 | Create | Villager (Male) |
| 2:14 | Create | Villager (Male) |
| 2:25 | Build | Lumber Camp |
| 2:37 | Create | Villager (Male) |
| 2:57 | Create | Villager (Male) |
| 3:15 | Build | House |
| 3:35 | Create | Villager (Male) |
| 3:59 | Research | Loom |
| 4:28 | Create | Villager (Male) |
| 4:58 | Build | Mill |
| 5:06 | Create | Villager (Male) |
| 5:32 | Create | Villager (Male) |
| 5:54 | Create | Villager (Male) |
| 6:01 | Build | House |
| 6:37 | Create | Villager (Male) |
| 7:09 | Create | Villager (Male) |
| 7:36 | Create | Villager (Male) |
| 8:10 | Create | Villager (Male) |
| 8:26 | Research | Feudal Age |
| 8:33 | Build | Lumber Camp |
| 8:39 | Build | Mining Camp |
| 8:55 | Build | House |
| 9:01 | Build | House |
| 10:45 | Age | Feudal Age |
| 10:46 | Create | Villager (Male) |
| 11:03 | Research | Horse Collar |
| 11:17 | Build | Farm |
| 11:18 | Create | Villager (Male) |
| 11:20 | Build | Farm |
| 11:33 | Create | Villager (Male) |
| 11:46 | Build | Blacksmith |
| 12:04 | Create | Villager (Male) |
| 12:45 | Build | Market |
| 12:57 | Create | Villager (Male) |
| 12:57 | Create | Villager (Male) |
| 13:23 | Build | Farm |
| 13:30 | Build | House |
| 13:51 | Create | Villager (Male) |
| 14:23 | Research | Castle Age |
| 14:47 | Build | Mining Camp |
| 15:24 | Research | Double-Bit Axe |
| 16:46 | Create | Villager (Male) |
| 17:03 | Age | Castle Age |
| 17:07 | Build | Town Center |
| 17:12 | Build | Town Center |
| 17:15 | Create | Villager (Male) |
| 17:22 | Build | Farm |
| 17:52 | Create | Villager (Male) |
| 17:57 | Create | Villager (Male) |
| 18:01 | Build | Farm |
| 18:02 | Build | Farm |
| 18:14 | Create | Villager (Male) |
| 18:16 | Build | Farm |
| 18:28 | Create | Villager (Male) |
| 18:39 | Build | Farm |
| 18:53 | Build | Farm |
| 19:04 | Build | Farm |
| 19:06 | Create | Villager (Male) |
| 19:11 | Build | Farm |
| 19:25 | Create | Villager (Male) |
| 19:27 | Build | Farm |
| 19:36 | Build | Farm |
| 19:40 | Create | Villager (Male) |
| 19:41 | Create | Villager (Male) |
| 19:48 | Build | Farm |
| 20:00 | Create | Villager (Male) |
| 20:00 | Create | Villager (Male) |
| 20:03 | Build | Farm |
| 20:15 | Build | Farm |
| 20:18 | Create | Villager (Male) |
| 20:25 | Build | Farm |
| 20:42 | Create | Villager (Male) |
| 20:47 | Build | Farm |
| 20:49 | Create | Villager (Male) |
| 20:53 | Create | Villager (Male) |
| 21:10 | Research | Heavy Plow |
| 21:24 | Build | House |
| 21:28 | Create | Villager (Male) |
| 21:30 | Build | Farm |
| 21:34 | Build | Farm |
| 21:36 | Create | Villager (Male) |
| 21:42 | Build | Farm |
| 21:43 | Create | Villager (Male) |
| 21:58 | Create | Villager (Male) |
| 22:02 | Create | Villager (Male) |
| 22:06 | Build | Farm |
| 22:09 | Create | Villager (Male) |
| 22:12 | Build | Farm |
| 22:53 | Create | Villager (Male) |
| 22:54 | Create | Villager (Male) |
| 22:54 | Create | Villager (Male) |
| 22:56 | Create | Villager (Male) |
| 22:58 | Create | Villager (Male) |
| 22:58 | Create | Villager (Male) |
| 23:04 | Build | House |
| 23:27 | Build | House |
| 23:30 | Research | Wheelbarrow |
| 23:46 | Build | University |
| 24:05 | Build | Castle |
| 24:15 | Build | Siege Workshop |
| 24:20 | Research | Scale Barding Armor |
| 24:23 | Create | Villager (Male) |
| 24:29 | Research | Bow Saw |
| 24:30 | Create | Villager (Male) |
| 24:36 | Research | Gold Mining |
| 24:43 | Create | Villager (Male) |
| 24:47 | Build | Mining Camp |
| 25:13 | Build | House |
| 25:20 | Research | Treadmill Crane |
| 25:22 | Create | Villager (Male) |
| 25:26 | Create | Villager (Male) |
| 25:27 | Build | Farm |
| 25:29 | Create | Villager (Male) |
| 25:31 | Build | Farm |
| 25:50 | Build | House |
| 25:52 | Create | Villager (Male) |
| 25:54 | Create | Villager (Male) |
| 26:00 | Research | Chain Barding Armor |
| 26:05 | Build | Barracks |
| 26:25 | Create | Villager (Male) |
| 26:28 | Research | Hand Cart |
| 26:29 | Create | Villager (Male) |
| 26:39 | Research | Stone Mining |
| 26:45 | Create | Janissary |
| 26:45 | Create | Janissary |
| 26:45 | Create | Janissary |
| 26:45 | Create | Janissary |
| 27:08 | Build | Mill |
| 27:22 | Build | Mining Camp |
| 27:27 | Create | Janissary |
| 27:27 | Create | Janissary |
| 27:27 | Create | Janissary |
| 27:27 | Create | Janissary |
| 27:39 | Create | Villager (Male) |
| 27:40 | Build | Farm |
| 27:49 | Create | Villager (Male) |
| 27:58 | Build | Farm |
| 28:02 | Build | Farm |
| 28:07 | Build | Farm |
| 28:08 | Create | Villager (Male) |
| 28:11 | Build | Farm |
| 28:15 | Build | Farm |
| 28:19 | Create | Villager (Male) |
| 28:23 | Build | Farm |
| 28:33 | Build | Mill |
| 28:37 | Create | Villager (Male) |
| 28:47 | Create | Villager (Male) |
Build order — Marw
First 150 of 333 actions detected
| 0:04 | Build | House |
| 0:05 | Build | House |
| 0:06 | Build | House |
| 0:06 | Build | House |
| 0:10 | Create | Villager (Male) |
| 0:11 | Create | Villager (Male) |
| 0:11 | Create | Villager (Male) |
| 0:11 | Create | Villager (Male) |
| 0:11 | Create | Villager (Male) |
| 1:43 | Create | Villager (Male) |
| 1:58 | Build | Mill |
| 2:06 | Create | Villager (Male) |
| 2:48 | Create | Villager (Male) |
| 2:58 | Create | Villager (Male) |
| 3:19 | Create | Villager (Male) |
| 3:35 | Create | Villager (Male) |
| 3:47 | Create | Villager (Male) |
| 3:47 | Create | Villager (Male) |
| 4:07 | Create | Villager (Male) |
| 4:29 | Create | Villager (Male) |
| 4:45 | Create | Villager (Male) |
| 6:02 | Research | Loom |
| 7:39 | Research | Feudal Age |
| 8:38 | Create | Villager (Male) |
| 8:43 | Create | Villager (Male) |
| 8:43 | Create | Villager (Male) |
| 8:49 | Create | Villager (Male) |
| 8:49 | Create | Villager (Male) |
| 9:44 | Create | Villager (Male) |
| 9:44 | Create | Villager (Male) |
| 9:49 | Age | Feudal Age |
| 9:56 | Build | Farm |
| 9:57 | Build | Farm |
| 9:58 | Build | Farm |
| 9:58 | Build | Farm |
| 10:00 | Build | Farm |
| 10:21 | Build | Barracks |
| 10:49 | Create | Villager (Male) |
| 10:49 | Create | Villager (Male) |
| 11:08 | Build | Mule Cart |
| 11:17 | Build | Stable |
| 11:45 | Create | Villager (Male) |
| 11:50 | Build | House |
| 11:51 | Build | House |
| 11:56 | Build | House |
| 11:56 | Build | House |
| 12:06 | Build | Mule Cart |
| 12:16 | Create | Villager (Male) |
| 12:16 | Create | Villager (Male) |
| 13:14 | Build | Blacksmith |
| 13:48 | Build | Farm |
| 13:49 | Build | Farm |
| 14:57 | Build | Market |
| 16:00 | Research | Castle Age |
| 16:00 | Research | Castle Age |
| 16:11 | Research | Horse Collar |
| 16:36 | Research | Double-Bit Axe |
| 16:36 | Research | Double-Bit Axe |
| 16:45 | Research | Gold Mining |
| 17:03 | Create | Villager (Male) |
| 17:22 | Create | Villager (Male) |
| 17:48 | Research | Stone Mining |
| 18:02 | Create | Villager (Male) |
| 18:03 | Create | Villager (Male) |
| 18:40 | Age | Castle Age |
| 18:47 | Create | Knight |
| 18:47 | Create | Knight |
| 19:19 | Build | Castle |
| 19:28 | Build | Castle |
| 19:58 | Build | Town Center |
| 20:17 | Create | Villager (Male) |
| 20:18 | Create | Villager (Male) |
| 20:41 | Research | Town Watch |
| 20:49 | Build | Town Center |
| 21:10 | Create | Villager (Male) |
| 21:35 | Create | Villager (Male) |
| 21:35 | Create | Villager (Male) |
| 21:44 | Create | Villager (Male) |
| 21:44 | Create | Villager (Male) |
| 21:45 | Create | Villager (Male) |
| 22:00 | Build | Town Center |
| 22:07 | Create | Villager (Male) |
| 22:07 | Create | Villager (Male) |
| 22:14 | Create | Villager (Male) |
| 22:40 | Create | Villager (Male) |
| 22:41 | Create | Villager (Male) |
| 22:50 | Build | Farm |
| 22:59 | Create | Villager (Male) |
| 22:59 | Create | Villager (Male) |
| 22:59 | Create | Villager (Male) |
| 23:02 | Create | Villager (Male) |
| 23:02 | Create | Villager (Male) |
| 23:11 | Create | Villager (Male) |
| 23:12 | Create | Villager (Male) |
| 23:12 | Create | Villager (Male) |
| 23:12 | Create | Villager (Male) |
| 23:20 | Create | Villager (Male) |
| 23:20 | Create | Villager (Male) |
| 23:33 | Build | Stone Wall |
| 24:01 | Create | Villager (Male) |
| 24:01 | Create | Villager (Male) |
| 24:01 | Create | Villager (Male) |
| 24:02 | Create | Villager (Male) |
| 24:02 | Create | Villager (Male) |
| 24:09 | Build | University |
| 24:14 | Build | Farm |
| 24:16 | Create | Villager (Male) |
| 24:35 | Build | Farm |
| 24:39 | Build | Farm |
| 25:01 | Research | Fortified Wall (upgrade) |
| 25:02 | Research | Masonry |
| 25:18 | Create | Villager (Male) |
| 25:18 | Create | Villager (Male) |
| 25:26 | Build | Farm |
| 25:30 | Create | Villager (Male) |
| 25:31 | Create | Villager (Male) |
| 25:31 | Create | Villager (Male) |
| 25:42 | Create | Villager (Male) |
| 25:42 | Create | Villager (Male) |
| 25:50 | Create | Villager (Male) |
| 25:51 | Create | Villager (Male) |
| 25:59 | Build | Farm |
| 26:01 | Build | Farm |
| 26:04 | Build | Farm |
| 26:09 | Build | Farm |
| 26:15 | Build | Farm |
| 26:20 | Research | Masonry |
| 26:22 | Research | Treadmill Crane |
| 26:27 | Create | Villager (Male) |
| 26:27 | Create | Villager (Male) |
| 26:35 | Build | Farm |
| 26:40 | Create | Villager (Male) |
| 26:40 | Create | Villager (Male) |
| 26:56 | Create | Villager (Male) |
| 26:56 | Create | Villager (Male) |
| 27:00 | Create | Villager (Male) |
| 27:00 | Create | Villager (Male) |
| 27:00 | Create | Villager (Male) |
| 27:00 | Create | Villager (Male) |
| 27:08 | Build | Farm |
| 27:10 | Build | Farm |
| 27:13 | Build | Farm |
| 27:17 | Create | Villager (Male) |
| 27:17 | Create | Villager (Male) |
| 27:21 | Create | Villager (Male) |
| 27:21 | Create | Villager (Male) |
| 27:22 | Create | Villager (Male) |
| 27:22 | Create | Villager (Male) |
| 27:37 | Create | Monaspa |
| 27:37 | Create | Monaspa |
Build order — BL_EL_TIGRE_EQUIVOCADO
First 150 of 251 actions detected
| 0:04 | Build | House |
| 0:05 | Build | House |
| 0:06 | Create | Villager (Male) |
| 0:06 | Research | Loom |
| 0:07 | Create | Villager (Male) |
| 0:07 | Create | Villager (Male) |
| 0:07 | Create | Villager (Male) |
| 1:42 | Create | Villager (Male) |
| 1:42 | Create | Villager (Male) |
| 2:20 | Build | Lumber Camp |
| 2:22 | Create | Villager (Male) |
| 2:44 | Create | Villager (Male) |
| 3:09 | Build | House |
| 3:13 | Build | House |
| 3:17 | Create | Villager (Male) |
| 3:30 | Create | Villager (Male) |
| 4:08 | Create | Villager (Male) |
| 4:09 | Create | Villager (Male) |
| 4:54 | Create | Villager (Male) |
| 4:54 | Create | Villager (Male) |
| 5:21 | Create | Villager (Male) |
| 5:21 | Create | Villager (Male) |
| 5:21 | Create | Villager (Male) |
| 5:38 | Create | Villager (Male) |
| 5:50 | Build | Lumber Camp |
| 6:18 | Create | Villager (Male) |
| 6:18 | Create | Villager (Male) |
| 6:22 | Build | House |
| 6:36 | Create | Villager (Male) |
| 6:36 | Create | Villager (Male) |
| 6:36 | Create | Villager (Male) |
| 6:56 | Build | House |
| 7:29 | Build | House |
| 8:12 | Build | House |
| 8:13 | Build | House |
| 8:20 | Create | Villager (Male) |
| 8:20 | Create | Villager (Male) |
| 8:21 | Create | Villager (Male) |
| 8:28 | Build | Mill |
| 9:12 | Build | Barracks |
| 9:13 | Build | House |
| 9:56 | Create | Villager (Male) |
| 9:56 | Create | Villager (Male) |
| 9:57 | Create | Villager (Male) |
| 10:25 | Build | Mining Camp |
| 10:41 | Build | House |
| 10:48 | Build | Mill |
| 10:51 | Research | Feudal Age |
| 11:19 | Build | House |
| 11:55 | Build | House |
| 12:26 | Build | House |
| 12:35 | Build | Farm |
| 12:35 | Build | Farm |
| 12:36 | Build | Farm |
| 12:36 | Build | Farm |
| 12:37 | Build | Farm |
| 12:38 | Build | Farm |
| 12:38 | Build | Farm |
| 12:58 | Build | House |
| 13:21 | Age | Feudal Age |
| 13:24 | Build | Farm |
| 13:25 | Create | Villager (Male) |
| 13:30 | Build | House |
| 13:32 | Create | Spearman |
| 13:32 | Create | Spearman |
| 13:48 | Build | Mill |
| 13:51 | Build | Archery Range |
| 13:52 | Build | Archery Range |
| 14:05 | Create | Spearman |
| 14:06 | Create | Spearman |
| 14:38 | Create | Villager (Male) |
| 14:40 | Build | Farm |
| 14:42 | Create | Villager (Male) |
| 14:46 | Build | House |
| 15:10 | Create | Archer |
| 15:10 | Create | Archer |
| 15:30 | Create | Archer |
| 15:49 | Create | Archer |
| 15:50 | Create | Archer |
| 15:50 | Create | Archer |
| 15:50 | Create | Archer |
| 16:21 | Create | Archer |
| 16:21 | Create | Archer |
| 16:47 | Build | Blacksmith |
| 16:48 | Build | House |
| 18:27 | Build | Market |
| 19:00 | Research | Fletching |
| 19:36 | Research | Castle Age |
| 20:31 | Build | Mining Camp |
| 21:43 | Create | Villager (Male) |
| 21:43 | Create | Villager (Male) |
| 21:43 | Create | Villager (Male) |
| 21:43 | Create | Villager (Male) |
| 21:44 | Create | Villager (Male) |
| 21:56 | Build | House |
| 21:57 | Build | House |
| 22:16 | Age | Castle Age |
| 22:48 | Research | Pikeman (upgrade) |
| 22:50 | Create | Spearman |
| 22:50 | Create | Spearman |
| 22:50 | Create | Spearman |
| 22:51 | Create | Spearman |
| 22:54 | Create | Cavalry Archer |
| 22:54 | Create | Cavalry Archer |
| 22:55 | Create | Cavalry Archer |
| 22:55 | Create | Cavalry Archer |
| 22:55 | Create | Cavalry Archer |
| 22:55 | Create | Cavalry Archer |
| 22:56 | Create | Cavalry Archer |
| 23:00 | Research | Bodkin Arrow |
| 23:22 | Research | Horse Collar |
| 23:42 | Create | Cavalry Archer |
| 23:42 | Create | Cavalry Archer |
| 23:42 | Create | Cavalry Archer |
| 23:42 | Create | Cavalry Archer |
| 23:42 | Create | Cavalry Archer |
| 24:57 | Research | Double-Bit Axe |
| 25:00 | Build | House |
| 25:01 | Build | House |
| 25:06 | Create | Villager (Male) |
| 25:07 | Create | Villager (Male) |
| 25:07 | Create | Villager (Male) |
| 25:07 | Create | Villager (Male) |
| 25:07 | Create | Villager (Male) |
| 25:55 | Research | Bow Saw |
| 25:59 | Build | Farm |
| 26:00 | Build | Farm |
| 26:43 | Build | Castle |
| 26:46 | Build | Mining Camp |
| 26:58 | Research | Forging |
| 27:03 | Create | Villager (Male) |
| 27:14 | Create | Villager (Male) |
| 27:14 | Create | Villager (Male) |
| 27:14 | Create | Villager (Male) |
| 29:19 | Create | Cavalry Archer |
| 29:20 | Research | Thumb Ring |
| 29:22 | Create | Cavalry Archer |
| 29:22 | Create | Cavalry Archer |
| 29:22 | Create | Cavalry Archer |
| 29:22 | Create | Cavalry Archer |
| 29:23 | Create | Cavalry Archer |
| 29:23 | Create | Cavalry Archer |
| 29:23 | Create | Cavalry Archer |
| 29:23 | Create | Cavalry Archer |
| 29:24 | Create | Cavalry Archer |
| 29:38 | Create | Villager (Male) |
| 29:38 | Create | Villager (Male) |
| 29:39 | Create | Villager (Male) |
| 29:39 | Create | Villager (Male) |
| 29:39 | Create | Villager (Male) |
Build order — [MIAAU] GatúbelO
First 150 of 308 actions detected
| 0:05 | Build | House |
| 0:05 | Create | Villager (Male) |
| 0:09 | Build | House |
| 0:27 | Create | Villager (Male) |
| 0:54 | Create | Villager (Male) ×2 |
| 1:16 | Create | Villager (Male) |
| 1:49 | Create | Villager (Male) |
| 2:02 | Build | Lumber Camp |
| 2:32 | Create | Villager (Male) |
| 2:53 | Create | Villager (Male) |
| 3:30 | Create | Villager (Male) ×2 |
| 4:00 | Build | House |
| 4:18 | Create | Villager (Male) |
| 4:26 | Build | Mill |
| 4:37 | Create | Villager (Male) |
| 5:00 | Create | Villager (Male) |
| 5:01 | Create | Villager (Male) |
| 5:22 | Create | Villager (Male) |
| 5:56 | Create | Villager (Male) |
| 6:09 | Build | House |
| 6:32 | Build | Lumber Camp |
| 6:53 | Create | Villager (Male) |
| 6:53 | Create | Villager (Male) |
| 6:54 | Create | Villager (Male) |
| 6:54 | Create | Villager (Male) |
| 7:13 | Build | Palisade Wall |
| 7:40 | Build | Farm |
| 7:42 | Build | Farm |
| 8:00 | Build | House |
| 8:05 | Create | Villager (Male) |
| 8:24 | Build | Mining Camp |
| 8:33 | Build | Mining Camp |
| 8:46 | Create | Villager (Male) |
| 8:47 | Create | Villager (Male) |
| 9:31 | Build | House |
| 9:42 | Research | Feudal Age |
| 11:10 | Create | Villager (Male) |
| 11:10 | Create | Villager (Male) |
| 11:58 | Age | Feudal Age |
| 12:13 | Build | Market |
| 12:16 | Build | Blacksmith |
| 12:41 | Build | Farm |
| 13:01 | Research | Castle Age |
| 13:08 | Build | Farm |
| 13:17 | Build | Farm |
| 13:35 | Research | Horse Collar |
| 13:43 | Build | Farm |
| 13:51 | Build | Farm |
| 14:05 | Build | Farm |
| 14:07 | Research | Double-Bit Axe |
| 14:19 | Build | Mining Camp |
| 14:34 | Build | Farm |
| 14:38 | Build | Farm |
| 14:40 | Build | Farm |
| 14:42 | Build | Farm |
| 14:52 | Build | House |
| 14:53 | Build | House |
| 15:32 | Create | Villager (Male) |
| 15:33 | Create | Villager (Male) |
| 15:41 | Age | Castle Age |
| 16:32 | Create | Villager (Male) |
| 16:32 | Create | Villager (Male) |
| 16:35 | Build | Town Center |
| 16:39 | Build | Town Center |
| 17:03 | Create | Villager (Male) |
| 17:03 | Create | Villager (Male) |
| 17:34 | Create | Villager (Male) |
| 17:43 | Create | Villager (Male) |
| 17:45 | Create | Villager (Male) |
| 17:45 | Create | Villager (Male) |
| 17:45 | Create | Villager (Male) |
| 17:49 | Build | Farm |
| 17:51 | Create | Villager (Male) |
| 17:51 | Create | Villager (Male) |
| 18:35 | Create | Villager (Male) |
| 18:36 | Create | Villager (Male) |
| 18:36 | Create | Villager (Male) |
| 18:40 | Build | Farm |
| 18:40 | Build | Farm |
| 18:40 | Build | Farm |
| 18:40 | Build | Farm |
| 18:49 | Build | Farm |
| 18:51 | Create | Villager (Male) |
| 18:51 | Create | Villager (Male) |
| 18:51 | Create | Villager (Male) |
| 19:08 | Research | Loom |
| 19:09 | Create | Villager (Male) |
| 19:09 | Create | Villager (Male) |
| 19:49 | Build | Farm |
| 19:49 | Build | Farm |
| 19:50 | Build | Farm |
| 19:56 | Create | Villager (Male) |
| 19:57 | Create | Villager (Male) |
| 19:57 | Create | Villager (Male) |
| 20:01 | Build | Farm |
| 20:05 | Build | Farm |
| 20:10 | Build | Farm |
| 20:16 | Create | Villager (Male) |
| 20:16 | Create | Villager (Male) |
| 20:29 | Create | Villager (Male) |
| 20:29 | Create | Villager (Male) |
| 20:34 | Build | House |
| 20:35 | Build | House |
| 20:36 | Build | House |
| 20:37 | Build | House |
| 20:48 | Build | House |
| 20:48 | Build | House |
| 20:49 | Build | House |
| 20:52 | Build | House |
| 20:55 | Create | Villager (Male) |
| 20:56 | Create | Villager (Male) |
| 20:56 | Create | Villager (Male) |
| 21:01 | Build | Palisade Wall |
| 21:31 | Create | Villager (Male) |
| 21:32 | Create | Villager (Male) |
| 21:32 | Create | Villager (Male) |
| 21:32 | Create | Villager (Male) |
| 21:33 | Create | Villager (Male) |
| 21:34 | Create | Villager (Male) |
| 21:59 | Build | Town Center |
| 22:30 | Build | Palisade Gate |
| 22:35 | Build | House |
| 22:38 | Build | Palisade Wall |
| 23:09 | Create | Villager (Male) ×5 |
| 23:11 | Create | Villager (Male) |
| 23:14 | Build | Barracks |
| 23:18 | Build | Palisade Wall |
| 23:20 | Build | Palisade Wall |
| 23:21 | Build | Palisade Wall |
| 24:12 | Build | Barracks |
| 24:16 | Create | Villager (Male) ×5 |
| 24:16 | Create | Villager (Male) |
| 24:17 | Create | Villager (Male) |
| 24:17 | Create | Villager (Male) |
| 24:26 | Build | Farm |
| 24:26 | Build | Farm |
| 24:26 | Build | Farm |
| 24:27 | Build | Farm |
| 24:32 | Build | Farm |
| 24:33 | Build | Farm |
| 24:33 | Build | Farm |
| 24:37 | Build | Farm |
| 24:37 | Build | Farm |
| 24:37 | Build | Farm |
| 24:43 | Build | Archery Range |
| 24:45 | Research | Fletching |
| 25:11 | Create | Cavalry Archer |
| 25:17 | Research | Bodkin Arrow |
| 25:20 | Build | Stone Wall |
| 25:34 | Create | Cavalry Archer |
Build order — BL_HORSELARA
First 150 of 407 actions detected
| 0:02 | Create | Villager (Male) |
| 0:02 | Create | Villager (Male) |
| 0:02 | Create | Villager (Male) |
| 0:03 | Create | Villager (Male) |
| 0:04 | Build | House |
| 0:18 | Research | Loom |
| 0:31 | Build | House |
| 0:32 | Build | House |
| 0:34 | Build | House |
| 0:35 | Build | House |
| 1:36 | Research | Loom |
| 2:04 | Create | Villager (Male) |
| 2:05 | Create | Villager (Male) |
| 2:05 | Create | Villager (Male) |
| 2:28 | Create | Villager (Male) |
| 2:29 | Create | Villager (Male) |
| 2:51 | Build | House |
| 3:02 | Create | Villager (Male) |
| 3:02 | Create | Villager (Male) |
| 3:29 | Create | Villager (Male) |
| 3:29 | Create | Villager (Male) |
| 3:40 | Build | Mining Camp |
| 3:42 | Create | Villager (Male) |
| 3:43 | Create | Villager (Male) |
| 4:09 | Create | Villager (Male) |
| 4:10 | Create | Villager (Male) |
| 4:10 | Create | Villager (Male) |
| 4:52 | Create | Villager (Male) |
| 4:53 | Create | Villager (Male) |
| 5:11 | Create | Villager (Male) |
| 5:11 | Create | Villager (Male) |
| 5:11 | Create | Villager (Male) |
| 5:18 | Create | Villager (Male) |
| 6:05 | Create | Villager (Male) |
| 6:29 | Create | Villager (Male) |
| 6:29 | Create | Villager (Male) |
| 6:34 | Create | Villager (Male) |
| 6:43 | Create | Villager (Male) |
| 7:45 | Create | Villager (Male) |
| 7:56 | Build | Lumber Camp |
| 7:59 | Create | Villager (Male) |
| 8:19 | Build | Pasture |
| 8:40 | Build | Mill |
| 8:43 | Create | Villager (Male) |
| 8:43 | Create | Villager (Male) |
| 9:00 | Create | Villager (Male) |
| 9:07 | Build | Pasture |
| 9:40 | Build | Pasture |
| 10:14 | Build | Mill |
| 10:17 | Create | Villager (Male) |
| 10:19 | Create | Villager (Male) |
| 10:46 | Research | Feudal Age |
| 10:55 | Build | House |
| 10:57 | Build | House |
| 10:58 | Build | House |
| 11:20 | Create | Villager (Male) |
| 11:20 | Create | Villager (Male) |
| 11:26 | Build | Lumber Camp |
| 11:30 | Create | Villager (Male) |
| 12:12 | Create | Villager (Male) |
| 12:16 | Build | House |
| 12:20 | Create | Villager (Male) |
| 12:49 | Create | Villager (Male) |
| 12:50 | Create | Villager (Male) |
| 12:55 | Build | House |
| 12:57 | Build | House |
| 12:58 | Build | House |
| 13:10 | Age | Feudal Age |
| 13:18 | Build | Mining Camp |
| 13:57 | Build | Blacksmith |
| 14:24 | Build | Barracks |
| 14:43 | Create | Villager (Male) |
| 14:54 | Build | House |
| 14:56 | Build | House |
| 14:59 | Research | Forging |
| 15:10 | Create | Villager (Male) |
| 15:32 | Create | Villager (Male) |
| 15:51 | Build | Watch Tower |
| 15:54 | Create | Spearman |
| 15:55 | Create | Spearman |
| 15:55 | Create | Spearman |
| 15:55 | Create | Spearman |
| 16:00 | Build | House |
| 16:04 | Create | Villager (Male) |
| 16:10 | Research | Scale Mail Armor |
| 16:43 | Create | Spearman |
| 16:43 | Create | Spearman |
| 16:49 | Build | House |
| 16:54 | Create | Villager (Male) |
| 17:50 | Build | House |
| 17:52 | Build | House |
| 17:53 | Build | House |
| 18:01 | Build | Stone Wall |
| 18:05 | Create | Villager (Male) |
| 18:08 | Research | Double-Bit Axe |
| 18:09 | Research | Tech 1014 |
| 18:41 | Build | House |
| 18:42 | Build | House |
| 18:44 | Build | House |
| 18:53 | Create | Villager (Male) |
| 18:53 | Create | Villager (Male) |
| 18:53 | Create | Villager (Male) |
| 18:53 | Create | Villager (Male) |
| 19:12 | Build | Mining Camp |
| 19:22 | Create | Villager (Male) |
| 19:22 | Create | Villager (Male) |
| 19:34 | Build | Pasture |
| 19:44 | Build | House |
| 19:45 | Build | House |
| 20:39 | Build | Barracks |
| 20:52 | Build | House |
| 20:53 | Build | House |
| 20:56 | Create | Villager (Male) |
| 20:56 | Create | Villager (Male) |
| 21:03 | Create | Villager (Male) |
| 21:37 | Build | Market |
| 21:40 | Create | Villager (Male) |
| 21:49 | Build | House |
| 21:50 | Build | House |
| 21:51 | Build | House |
| 21:52 | Build | House |
| 21:53 | Build | House |
| 21:59 | Build | House |
| 22:00 | Build | House |
| 22:05 | Create | Villager (Male) |
| 22:23 | Build | House |
| 23:05 | Create | Spearman |
| 23:05 | Create | Spearman |
| 23:06 | Create | Spearman |
| 23:06 | Create | Spearman |
| 23:06 | Create | Spearman |
| 23:09 | Create | Spearman |
| 23:10 | Create | Spearman |
| 23:12 | Create | Spearman |
| 23:12 | Create | Spearman |
| 23:12 | Create | Spearman |
| 23:23 | Build | Pasture |
| 23:25 | Create | Villager (Male) |
| 23:43 | Create | Spearman |
| 23:43 | Create | Spearman |
| 24:15 | Build | Pasture |
| 24:17 | Create | Villager (Male) |
| 24:17 | Create | Villager (Male) |
| 24:53 | Create | Villager (Male) |
| 25:17 | Build | Pasture |
| 25:21 | Research | Castle Age |
| 25:49 | Build | Stable |
| 25:52 | Build | Stable |
| 25:55 | Build | Stable |
| 25:57 | Build | Stable |
Build order — LuyindamA
First 150 of 570 actions detected
| 0:02 | Create | Villager (Male) |
| 0:02 | Create | Villager (Male) |
| 0:02 | Create | Villager (Male) |
| 0:04 | Build | House |
| 0:05 | Build | House |
| 0:11 | Create | Villager (Male) |
| 0:11 | Create | Villager (Male) |
| 1:36 | Create | Villager (Male) |
| 1:36 | Create | Villager (Male) |
| 2:02 | Create | Villager (Male) |
| 2:40 | Create | Villager (Male) |
| 2:41 | Create | Villager (Male) |
| 2:41 | Create | Villager (Male) |
| 3:16 | Create | Villager (Male) |
| 3:17 | Create | Villager (Male) |
| 3:47 | Build | House |
| 3:48 | Build | House |
| 3:50 | Build | Lumber Camp |
| 3:56 | Create | Villager (Male) |
| 3:56 | Create | Villager (Male) |
| 4:14 | Create | Villager (Male) |
| 4:42 | Create | Villager (Male) |
| 5:16 | Create | Villager (Male) |
| 5:35 | Create | Villager (Male) |
| 5:49 | Create | Villager (Male) |
| 6:38 | Create | Villager (Male) |
| 7:01 | Create | Villager (Male) |
| 7:16 | Build | Mill |
| 7:42 | Research | Feudal Age |
| 7:43 | Research | Feudal Age |
| 8:01 | Build | House |
| 8:02 | Build | House |
| 8:41 | Create | Villager (Male) |
| 8:46 | Build | House |
| 8:49 | Build | House |
| 9:11 | Create | Villager (Male) |
| 9:52 | Age | Feudal Age |
| 9:56 | Research | Horse Collar |
| 10:04 | Build | Blacksmith |
| 10:07 | Create | Villager (Male) |
| 10:29 | Build | Market |
| 10:43 | Create | Villager (Male) |
| 10:52 | Build | Mining Camp |
| 11:17 | Create | Villager (Male) |
| 11:36 | Build | Farm |
| 11:41 | Create | Villager (Male) |
| 12:03 | Build | Farm |
| 12:08 | Build | Farm |
| 12:11 | Create | Villager (Male) |
| 12:19 | Build | Farm |
| 12:23 | Create | Villager (Male) |
| 12:27 | Build | Farm |
| 12:29 | Build | Farm |
| 12:32 | Create | Villager (Male) |
| 12:37 | Create | Villager (Male) |
| 12:38 | Create | Villager (Male) |
| 12:38 | Research | Loom |
| 12:46 | Build | Farm |
| 12:59 | Build | Farm |
| 13:07 | Create | Villager (Male) |
| 13:09 | Research | Loom |
| 13:42 | Create | Villager (Male) |
| 13:47 | Build | Farm |
| 13:49 | Build | Farm |
| 13:57 | Build | Farm |
| 14:18 | Build | Farm |
| 14:26 | Create | Villager (Male) |
| 14:32 | Build | Farm |
| 14:57 | Research | Castle Age |
| 14:57 | Research | Castle Age |
| 16:14 | Create | Villager (Male) |
| 16:42 | Research | Gold Mining |
| 16:59 | Create | Villager (Male) |
| 17:37 | Age | Castle Age |
| 17:40 | Build | Town Center |
| 17:47 | Build | Monastery |
| 17:50 | Create | Villager (Male) |
| 17:55 | Research | Wheelbarrow |
| 18:02 | Create | Villager (Male) |
| 18:38 | Create | Villager (Male) |
| 19:06 | Create | Villager (Male) |
| 19:14 | Build | Farm |
| 19:15 | Create | Monk |
| 19:16 | Create | Monk |
| 19:25 | Create | Villager (Male) |
| 19:25 | Create | Villager (Male) |
| 19:27 | Create | Villager (Male) |
| 19:27 | Create | Villager (Male) |
| 19:32 | Build | Farm |
| 19:33 | Build | Farm |
| 19:41 | Create | Villager (Male) |
| 19:55 | Create | Villager (Male) |
| 19:58 | Create | Monk |
| 20:07 | Research | Heavy Plow |
| 20:25 | Create | Villager (Male) |
| 20:33 | Create | Villager (Male) |
| 20:33 | Create | Villager (Male) |
| 20:47 | Build | Farm |
| 20:53 | Build | House |
| 20:54 | Build | House |
| 20:56 | Build | House |
| 20:57 | Build | House |
| 21:06 | Create | Monk |
| 21:07 | Create | Villager (Male) |
| 21:10 | Research | Town Watch |
| 21:13 | Create | Villager (Male) |
| 21:13 | Create | Villager (Male) |
| 21:29 | Create | Monk |
| 21:30 | Create | Villager (Male) |
| 21:38 | Create | Villager (Male) |
| 21:53 | Create | Villager (Male) |
| 21:54 | Create | Villager (Male) |
| 22:18 | Create | Villager (Male) |
| 22:18 | Create | Villager (Male) |
| 22:19 | Create | Villager (Male) |
| 22:20 | Create | Villager (Male) |
| 22:25 | Build | Town Center |
| 22:36 | Build | House |
| 22:37 | Build | House |
| 22:41 | Create | Villager (Male) |
| 22:47 | Create | Villager (Male) |
| 23:04 | Create | Villager (Male) |
| 23:21 | Create | Villager (Male) |
| 23:24 | Build | Farm |
| 23:30 | Build | Farm |
| 23:31 | Create | Villager (Male) |
| 23:36 | Build | House |
| 23:37 | Build | House |
| 23:39 | Create | Villager (Male) |
| 23:42 | Create | Villager (Male) |
| 23:42 | Create | Villager (Male) |
| 23:42 | Create | Villager (Male) |
| 24:00 | Build | Mining Camp |
| 24:08 | Create | Villager (Male) |
| 24:09 | Create | Villager (Male) |
| 24:14 | Create | Villager (Male) |
| 24:15 | Create | Villager (Male) |
| 24:15 | Create | Villager (Male) |
| 24:21 | Build | Farm |
| 24:22 | Build | Farm |
| 24:34 | Create | Villager (Male) |
| 24:35 | Create | Villager (Male) |
| 24:51 | Create | Villager (Male) |
| 24:56 | Build | Farm |
| 25:02 | Create | Villager (Male) |
| 25:02 | Create | Villager (Male) |
| 25:14 | Build | Farm |
| 25:14 | Build | Farm |
| 25:15 | Build | Farm |
| 25:16 | Build | Farm |
Build order — Vehiculo blindado de gamarra
First 150 of 443 actions detected
| 0:03 | Create | Villager (Male) |
| 0:03 | Create | Villager (Male) |
| 0:04 | Create | Villager (Male) |
| 0:05 | Build | House |
| 0:07 | Build | House |
| 0:24 | Create | Villager (Male) |
| 0:24 | Create | Villager (Male) |
| 1:27 | Create | Villager (Male) |
| 1:27 | Create | Villager (Male) |
| 1:50 | Build | Lumber Camp |
| 2:18 | Create | Villager (Male) |
| 2:18 | Create | Villager (Male) |
| 2:31 | Create | Villager (Male) |
| 2:31 | Create | Villager (Male) |
| 2:56 | Create | Villager (Male) |
| 2:56 | Create | Villager (Male) |
| 2:56 | Create | Villager (Male) |
| 2:56 | Create | Villager (Male) |
| 3:14 | Create | Villager (Male) |
| 3:39 | Build | House |
| 3:41 | Create | Villager (Male) |
| 3:41 | Create | Villager (Male) |
| 4:02 | Build | Mill |
| 4:05 | Create | Villager (Male) |
| 4:05 | Create | Villager (Male) |
| 4:36 | Create | Villager (Male) |
| 4:36 | Create | Villager (Male) |
| 5:05 | Create | Villager (Male) |
| 5:24 | Create | Villager (Male) |
| 5:25 | Create | Villager (Male) |
| 5:30 | Build | Mining Camp |
| 5:51 | Build | House |
| 5:55 | Create | Villager (Male) |
| 6:10 | Create | Villager (Male) |
| 6:48 | Create | Villager (Male) |
| 6:58 | Build | Farm |
| 7:02 | Create | Villager (Male) |
| 7:28 | Create | Villager (Male) |
| 7:34 | Create | Villager (Male) |
| 8:08 | Create | Villager (Male) |
| 8:22 | Create | Villager (Male) |
| 8:28 | Create | Villager (Male) |
| 8:47 | Build | Farm |
| 9:02 | Build | House |
| 10:01 | Research | Feudal Age |
| 10:01 | Research | Feudal Age |
| 10:26 | Build | House |
| 10:33 | Create | Villager (Male) |
| 11:07 | Build | Mill |
| 11:12 | Build | Farm |
| 11:16 | Create | Villager (Male) |
| 12:13 | Age | Feudal Age |
| 12:27 | Build | Blacksmith |
| 12:31 | Build | Market |
| 13:01 | Build | Farm |
| 13:17 | Create | Villager (Male) |
| 13:24 | Build | Farm |
| 13:25 | Build | Farm |
| 13:58 | Build | Farm |
| 14:02 | Research | Castle Age |
| 14:02 | Research | Castle Age |
| 14:07 | Build | Farm |
| 14:37 | Build | Barracks |
| 15:19 | Create | Spearman |
| 15:19 | Create | Spearman |
| 15:26 | Build | Barracks |
| 15:29 | Build | House |
| 15:32 | Build | House |
| 15:37 | Build | House |
| 15:39 | Create | Villager (Male) |
| 15:48 | Create | Spearman |
| 16:02 | Create | Spearman |
| 16:03 | Create | Spearman |
| 16:25 | Create | Spearman |
| 16:25 | Create | Spearman |
| 16:36 | Create | Spearman |
| 16:36 | Create | Spearman |
| 16:42 | Age | Castle Age |
| 16:58 | Create | Militia |
| 16:58 | Create | Militia |
| 17:11 | Build | Farm |
| 17:21 | Build | House |
| 17:38 | Build | House |
| 17:43 | Build | House |
| 17:45 | Build | House |
| 18:59 | Build | House |
| 19:32 | Build | Castle |
| 20:24 | Create | Throwing Axeman |
| 20:24 | Create | Throwing Axeman |
| 20:32 | Build | Mining Camp |
| 20:52 | Create | Throwing Axeman |
| 21:20 | Create | Throwing Axeman |
| 21:20 | Create | Throwing Axeman |
| 21:44 | Build | Farm |
| 22:30 | Create | Throwing Axeman |
| 22:48 | Create | Villager (Male) |
| 22:48 | Create | Villager (Male) |
| 23:04 | Create | Villager (Male) |
| 23:12 | Create | Villager (Male) |
| 23:47 | Build | Farm |
| 23:48 | Build | Farm |
| 23:53 | Create | Villager (Male) |
| 23:54 | Create | Villager (Male) |
| 24:57 | Create | Throwing Axeman |
| 24:57 | Create | Throwing Axeman |
| 25:05 | Build | Stone Wall |
| 25:52 | Create | Throwing Axeman |
| 25:55 | Create | Throwing Axeman |
| 26:02 | Create | Villager (Male) |
| 26:02 | Create | Villager (Male) |
| 26:12 | Build | Town Center |
| 26:16 | Create | Villager (Male) |
| 26:16 | Create | Villager (Male) |
| 26:17 | Create | Villager (Male) |
| 26:22 | Research | Wheelbarrow |
| 26:29 | Create | Throwing Axeman |
| 27:01 | Create | Villager (Male) |
| 27:22 | Create | Throwing Axeman |
| 27:22 | Create | Throwing Axeman |
| 27:24 | Build | Farm |
| 28:43 | Create | Throwing Axeman |
| 28:48 | Create | Villager (Male) |
| 28:48 | Create | Villager (Male) |
| 28:48 | Create | Villager (Male) |
| 28:49 | Create | Villager (Male) |
| 29:18 | Build | Castle |
| 29:59 | Create | Villager (Male) |
| 30:00 | Create | Villager (Male) |
| 30:01 | Create | Villager (Male) |
| 30:01 | Create | Villager (Male) |
| 30:01 | Create | Villager (Male) |
| 30:01 | Create | Villager (Male) |
| 30:02 | Create | Villager (Male) |
| 30:02 | Create | Villager (Male) |
| 30:39 | Create | Villager (Male) |
| 30:39 | Create | Villager (Male) |
| 30:46 | Create | Villager (Male) |
| 30:47 | Create | Villager (Male) |
| 30:52 | Build | Farm |
| 30:57 | Build | Town Center |
| 31:30 | Build | Farm |
| 31:50 | Build | Farm |
| 32:17 | Build | Farm |
| 32:20 | Create | Villager (Male) |
| 32:20 | Create | Villager (Male) |
| 32:20 | Create | Villager (Male) |
| 32:22 | Create | Villager (Male) |
| 32:22 | Create | Villager (Male) |
| 32:49 | Create | Villager (Male) |
| 32:49 | Create | Villager (Male) |
Build order — BL_ELEKA
First 150 of 653 actions detected
| 0:01 | Research | Loom |
| 0:01 | Create | Villager (Male) |
| 0:01 | Create | Villager (Male) |
| 0:01 | Create | Villager (Male) |
| 0:02 | Create | Villager (Male) |
| 0:04 | Build | House |
| 0:20 | Build | House |
| 1:33 | Create | Villager (Male) |
| 2:12 | Create | Villager (Male) |
| 2:12 | Create | Villager (Male) |
| 2:27 | Create | Villager (Male) |
| 3:05 | Create | Villager (Male) |
| 3:06 | Create | Villager (Male) |
| 3:38 | Create | Villager (Male) |
| 4:15 | Create | Villager (Male) |
| 4:15 | Create | Villager (Male) |
| 4:15 | Create | Villager (Male) |
| 4:25 | Create | Villager (Male) |
| 4:49 | Create | Villager (Male) |
| 5:09 | Build | House |
| 5:13 | Build | House |
| 5:16 | Create | Villager (Male) |
| 5:56 | Create | Villager (Male) |
| 5:56 | Create | Villager (Male) |
| 6:16 | Build | Lumber Camp |
| 6:25 | Build | Mill |
| 6:33 | Create | Villager (Male) |
| 6:51 | Create | Villager (Male) |
| 7:13 | Create | Villager (Male) |
| 7:49 | Create | Villager (Male) |
| 7:57 | Create | Villager (Male) |
| 8:10 | Build | House |
| 8:12 | Build | House |
| 8:16 | Build | House |
| 9:13 | Build | Farm |
| 9:14 | Build | Farm |
| 9:17 | Build | Farm |
| 9:18 | Build | Farm |
| 9:28 | Build | Farm |
| 9:41 | Create | Villager (Male) |
| 10:02 | Create | Villager (Male) |
| 10:18 | Build | Lumber Camp |
| 10:21 | Research | Feudal Age |
| 10:28 | Create | Villager (Male) |
| 10:29 | Research | Feudal Age |
| 11:11 | Build | Farm |
| 11:12 | Build | Farm |
| 11:12 | Build | Farm |
| 11:12 | Build | Farm |
| 11:13 | Build | Farm |
| 11:15 | Create | Villager (Male) |
| 11:42 | Build | Farm |
| 11:55 | Build | Farm |
| 12:02 | Build | Farm |
| 12:27 | Build | Barracks |
| 13:08 | Age | Feudal Age |
| 13:30 | Create | Villager (Male) |
| 13:34 | Research | Double-Bit Axe |
| 13:36 | Create | Villager (Male) |
| 13:39 | Build | Mining Camp |
| 13:46 | Create | Villager (Male) |
| 14:30 | Create | Villager (Male) |
| 14:35 | Create | Villager (Male) |
| 15:02 | Build | Mining Camp |
| 15:03 | Create | Villager (Male) |
| 15:31 | Create | Villager (Male) |
| 15:32 | Research | Horse Collar |
| 15:38 | Build | Farm |
| 15:39 | Build | Farm |
| 15:39 | Build | Farm |
| 15:39 | Build | Farm |
| 15:39 | Build | Farm |
| 15:41 | Build | Farm |
| 15:41 | Build | Farm |
| 15:41 | Build | Farm |
| 15:42 | Build | Farm |
| 15:42 | Build | Farm |
| 15:49 | Build | Farm |
| 15:51 | Build | Farm |
| 15:53 | Build | Farm |
| 15:56 | Research | Wheelbarrow |
| 16:19 | Research | Gold Mining |
| 16:21 | Research | Stone Mining |
| 16:27 | Build | Blacksmith |
| 17:00 | Create | Villager (Male) |
| 17:02 | Build | House |
| 17:03 | Build | House |
| 17:18 | Build | Market |
| 18:10 | Create | Villager (Male) |
| 18:28 | Build | Stable |
| 18:38 | Build | Farm |
| 18:44 | Research | Castle Age |
| 19:39 | Build | Stable |
| 19:48 | Build | Barracks |
| 19:50 | Create | Spearman |
| 19:51 | Create | Spearman |
| 19:53 | Create | Spearman |
| 19:53 | Create | Spearman |
| 20:43 | Create | Spearman |
| 20:43 | Create | Spearman |
| 20:43 | Create | Spearman |
| 20:44 | Research | Forging |
| 20:56 | Build | House |
| 21:02 | Create | Spearman |
| 21:05 | Research | Scale Mail Armor |
| 21:08 | Create | Spearman |
| 21:08 | Create | Spearman |
| 21:18 | Create | Spearman |
| 21:20 | Create | Villager (Male) |
| 21:22 | Create | Villager (Male) |
| 21:24 | Age | Castle Age |
| 21:33 | Build | Castle |
| 21:44 | Research | Pikeman (upgrade) |
| 21:44 | Research | Squires |
| 21:46 | Research | Iron Casting |
| 21:50 | Create | Villager (Male) |
| 22:03 | Build | Monastery |
| 22:09 | Build | House |
| 22:20 | Create | Villager (Male) |
| 22:50 | Build | University |
| 23:08 | Create | Villager (Male) |
| 23:08 | Create | Villager (Male) |
| 23:09 | Create | Villager (Male) |
| 23:14 | Create | Villager (Male) |
| 23:14 | Create | Villager (Male) |
| 23:35 | Create | Monk |
| 23:44 | Build | Farm |
| 23:46 | Build | Farm |
| 23:48 | Research | Gold Shaft Mining |
| 23:59 | Create | Villager (Male) |
| 24:14 | Build | Farm |
| 24:15 | Build | Farm |
| 24:15 | Build | Farm |
| 24:15 | Build | Farm |
| 24:16 | Build | Farm |
| 24:16 | Build | Farm |
| 24:16 | Build | Farm |
| 24:16 | Build | Farm |
| 24:17 | Build | Farm |
| 25:03 | Build | Farm |
| 25:04 | Build | Farm |
| 25:04 | Build | Farm |
| 25:04 | Build | Farm |
| 25:05 | Build | Farm |
| 25:05 | Build | Farm |
| 25:05 | Build | Farm |
| 25:05 | Build | Farm |
| 25:13 | Create | Villager (Male) |
| 25:19 | Create | Villager (Male) |
| 25:38 | Build | Farm |
Match timeline
| 7:13 | [MIAAU] GatúbelO · wall_segment Palisade Wall x1 |
| 9:12 | BL_EL_TIGRE_EQUIVOCADO · first_building Barracks |
| 9:49 | Marw · age_up feudal |
| 9:52 | LuyindamA · age_up feudal |
| 10:21 | Marw · first_building Barracks |
| 10:45 | poliamilina jr. · age_up feudal |
| 11:17 | Marw · first_building Stable |
| 11:58 | [MIAAU] GatúbelO · age_up feudal |
| 12:13 | Vehiculo blindado de gamarra · age_up feudal |
| 12:27 | BL_ELEKA · first_building Barracks |
| 13:08 | BL_ELEKA · age_up feudal |
| 13:10 | BL_HORSELARA · age_up feudal |
| 13:21 | BL_EL_TIGRE_EQUIVOCADO · age_up feudal |
| 13:51 | BL_EL_TIGRE_EQUIVOCADO · first_building Archery Range |
| 14:21 | poliamilina jr. · first_market_buy 100 food |
| 14:24 | BL_HORSELARA · first_building Barracks |
| 14:37 | Vehiculo blindado de gamarra · first_building Barracks |
| 15:41 | [MIAAU] GatúbelO · age_up castle |
| 16:08 | Marw · first_market_buy 100 food |
| 16:42 | Vehiculo blindado de gamarra · age_up castle |
| 17:02 | LuyindamA · first_market_buy 100 wood |
| 17:03 | poliamilina jr. · age_up castle |
| 17:37 | LuyindamA · age_up castle |
| 17:47 | LuyindamA · first_building Monastery |
| 18:01 | BL_HORSELARA · wall_segment Stone Wall x1 |
| 18:28 | BL_ELEKA · first_building Stable |
| 18:40 | Marw · age_up castle |
| 19:02 | LuyindamA · tribute_sent a jugador 1 |
| 19:02 | LuyindamA · tribute_sent a jugador 2 |
| 19:02 | LuyindamA · tribute_sent a jugador 3 |
| 19:02 | LuyindamA · tribute_sent a jugador 4 |
| 19:02 | LuyindamA · tribute_sent a jugador 6 |
| 19:02 | LuyindamA · tribute_sent a jugador 7 |
| 19:02 | LuyindamA · tribute_sent a jugador 8 |
| 19:19 | Marw · first_building Castle |
| 19:23 | Vehiculo blindado de gamarra · first_market_buy 100 stone |
| 19:32 | Vehiculo blindado de gamarra · first_building Castle |
| 19:32 | BL_EL_TIGRE_EQUIVOCADO · first_market_sell 100 food |
| 19:44 | Marw · first_market_sell 100 food |
| 21:01 | [MIAAU] GatúbelO · wall_segment Palisade Wall x1 |
| 21:24 | BL_ELEKA · age_up castle |
| 21:33 | BL_ELEKA · first_building Castle |
| 21:53 | [MIAAU] GatúbelO · first_market_buy 100 stone |
| 22:03 | BL_ELEKA · first_building Monastery |
| 22:16 | BL_EL_TIGRE_EQUIVOCADO · age_up castle |
| 22:38 | [MIAAU] GatúbelO · wall_segment Palisade Wall x1 |
| 23:14 | [MIAAU] GatúbelO · first_building Barracks |
| 23:18 | [MIAAU] GatúbelO · wall_segment Palisade Wall x1 |
| 23:20 | [MIAAU] GatúbelO · wall_segment Palisade Wall x1 |
| 23:21 | [MIAAU] GatúbelO · wall_segment Palisade Wall x1 |
| 23:33 | Marw · wall_segment Stone Wall x9 |
| 24:05 | poliamilina jr. · first_building Castle |
| 24:15 | poliamilina jr. · first_building Siege Workshop |
| 24:43 | [MIAAU] GatúbelO · first_building Archery Range |
| 25:05 | Vehiculo blindado de gamarra · wall_segment Stone Wall x1 |
| 25:08 | BL_HORSELARA · first_market_buy 100 food |
| 25:20 | [MIAAU] GatúbelO · wall_segment Stone Wall x2 |
| 25:49 | BL_HORSELARA · first_building Stable |
| 26:05 | poliamilina jr. · first_building Barracks |
| 26:31 | BL_EL_TIGRE_EQUIVOCADO · first_market_buy 100 stone |
| 26:41 | [MIAAU] GatúbelO · first_building Monastery |
| 26:43 | BL_EL_TIGRE_EQUIVOCADO · first_building Castle |
| 27:06 | LuyindamA · first_building Castle |
| 27:08 | BL_ELEKA · first_market_buy 100 wood |
| 27:22 | [MIAAU] GatúbelO · first_building Castle |
| 27:53 | LuyindamA · first_building Barracks |
| 28:12 | BL_HORSELARA · age_up castle |
| 28:52 | BL_HORSELARA · first_building Castle |
| 29:10 | BL_ELEKA · first_market_sell 100 food |
| 29:13 | BL_ELEKA · age_up imperial |
| 29:20 | BL_HORSELARA · first_building Monastery |
| 29:27 | [MIAAU] GatúbelO · first_building Stable |
| 29:31 | LuyindamA · first_building Stable |
| 30:15 | BL_ELEKA · wall_segment Stone Wall x1 |
| 30:17 | [MIAAU] GatúbelO · age_up imperial |
| 30:52 | LuyindamA · age_up imperial |
| 32:10 | BL_HORSELARA · first_building Archery Range |
| 32:32 | poliamilina jr. · first_building Stable |
| 32:56 | poliamilina jr. · age_up imperial |
| 33:37 | Marw · age_up imperial |
| 34:27 | LuyindamA · first_market_sell 500 wood |
| 34:38 | [MIAAU] GatúbelO · first_market_sell 500 food |
| 37:05 | BL_HORSELARA · first_building Siege Workshop |
| 37:28 | LuyindamA · tribute_sent a jugador 1 |
| 37:28 | LuyindamA · tribute_sent a jugador 2 |
| 37:28 | LuyindamA · tribute_sent a jugador 3 |
| 37:28 | LuyindamA · tribute_sent a jugador 4 |
| 37:28 | LuyindamA · tribute_sent a jugador 6 |
| 37:28 | LuyindamA · tribute_sent a jugador 7 |
| 37:28 | LuyindamA · tribute_sent a jugador 8 |
| 38:06 | Vehiculo blindado de gamarra · first_building Stable |
| 45:21 | BL_EL_TIGRE_EQUIVOCADO · tribute_sent a jugador 1 |
| 45:21 | BL_EL_TIGRE_EQUIVOCADO · tribute_sent a jugador 3 |
| 45:21 | BL_EL_TIGRE_EQUIVOCADO · tribute_sent a jugador 4 |
| 45:21 | BL_EL_TIGRE_EQUIVOCADO · tribute_sent a jugador 5 |
| 45:21 | BL_EL_TIGRE_EQUIVOCADO · tribute_sent a jugador 6 |
| 45:21 | BL_EL_TIGRE_EQUIVOCADO · tribute_sent a jugador 7 |
| 45:21 | BL_EL_TIGRE_EQUIVOCADO · tribute_sent a jugador 8 |
| 45:46 | LuyindamA · tribute_sent a jugador 1 |
| 45:46 | LuyindamA · tribute_sent a jugador 2 |
| 45:46 | LuyindamA · tribute_sent a jugador 3 |
| 45:46 | LuyindamA · tribute_sent a jugador 4 |
| 45:46 | LuyindamA · tribute_sent a jugador 6 |
| 45:46 | LuyindamA · tribute_sent a jugador 7 |
| 45:46 | LuyindamA · tribute_sent a jugador 8 |
| 46:08 | Vehiculo blindado de gamarra · age_up imperial |
| 46:11 | BL_ELEKA · first_building Siege Workshop |
| 46:53 | BL_HORSELARA · age_up imperial |
| 48:21 | Vehiculo blindado de gamarra · first_market_sell 500 food |
| 52:49 | poliamilina jr. · resign |
| 57:26 | Marw · first_building Monastery |
[ AI ANALYSIS · 1 CREDIT ]
What really happened in this match?
Wolo.gg analyzes every decision: build order, eco, micro, common mistakes by bracket. Personalized analysis on WhatsApp or Discord in 30 seconds.
Civ guide
Turks
Perfil
Jugador #10157728